cohdb
Replays
Latest Replays
All Replays
Popular Replays
Top Player Replays
Match Explorer
How It Works
Community
CoH3 Stats
Reddit
Sign in to upload your games and track your stats! →
Sign in with Steam
Match 41657734
Unlisted
Match 41657734
Overview
Messages
Build Orders
End
Kradschützen Motorcycle Team
Panzergrenadier Squad
Panzergrenadier Squad
Construct Light Support Kompanie
2.5-tonne Medical Truck
MG34 Team
Fire Support Elements
Panzerjäger Mechanized Group
Selects Panzerjäger Kommand Battlegroup
Selects Blockade Equipment
Selects Tank Busters
Construct Panzerarmee Kommand
Selects Early Warning
Panzer III L Medium Tank
Emergency Repair Kits
Rapid Advance
Selects Butterfly Bomb Drop
Butterfly Bomb Drop
Walking Stuka Rocket Launcher
Panzer III L Medium Tank
Walking Stuka Rocket Launcher
Tungsten Core Ammunition
Vehicle Survival Package
Butterfly Bomb Drop
Panzer III L Medium Tank
Butterfly Bomb Drop
Panzer III L Medium Tank
michelin2_0
Valdai
Zetty
Sailor
XDNTMFITM
Rampart Basilone
Luzinit24
Karung_Vtuber
0
0
Comments
sign in to comment!
No comments posted yet!